 Dungeon Crawl Stone Soup version 0.17.1-3-g152610e (webtiles) character file.

1726 Peloso the Shield-Bearer (level 8, 0/70 HPs)
             Began as a Minotaur Fighter on Feb 26, 2016.
             Was a Believer of Okawaru.
             Slain by Grinder (6 damage)
             ... while paralysed by Grinder
             ... on level 6 of the Dungeon.
             The game lasted 00:16:04 (5717 turns).

Peloso the Shield-Bearer (Minotaur Fighter)         Turns: 5717, Time: 00:16:05

Health: 0/70       AC: 12    Str: 21    XL:     8   Next: 75%
Magic:  7/7        EV:  2    Int:  5    God:    Okawaru [**....]
Gold:   236        SH:  0    Dex: 12    Spells: 0 memorised, 7 levels left

rFire  + . .     SeeInvis .     a - +0 long sword
rCold  . . .     Clarity  .     w - +0 chain mail
rNeg   . . .     SustAt   .     c - +0 shield
rPois  +         Gourm    .     (helmet restricted)
rElec  .         Spirit   .     D - +0 cloak
rCorr  +         Warding  .     (no gloves)
rMut   .         Stasis   .     (no boots)
MR     .....                    j - amulet of resist corrosion
Stlth  ..........               p - ring of poison resistance
                                r - ring of protection from fire

@: paralysed, not resistant to hostile enchantments, extremely unstealthy
A: retaliatory headbutt, horns 2
a: Heroism, Renounce Religion


You were on level 6 of the Dungeon.
You worshipped Okawaru.
Okawaru was pleased with you.
You were very hungry.

You visited 1 branch of the dungeon, and saw 6 of its levels.
You also visited: Sewer.

You collected 236 gold pieces.

Inventory:

Hand Weapons
 a - a +0 long sword (weapon)
 B - a +2 vampiric short sword
 M - a -1 long sword
Armour
 b - a +0 scale mail
 c - a +0 shield (worn)
 w - a +0 chain mail (worn)
 D - a +0 cloak (worn)
Jewellery
 j - an amulet of resist corrosion (around neck)
 p - a ring of poison resistance (right hand)
 r - a ring of protection from fire (left hand)
Wands
 i - a wand of slowing (31)
 I - a wand of flame (20)
Scrolls
 g - 5 scrolls of identify
 h - 4 scrolls of remove curse
 k - 2 scrolls of teleportation {unknown}
 s - a scroll of amnesia {unknown}
 t - a scroll of enchant weapon {unknown}
 v - a scroll of fog {unknown}
 x - 5 scrolls of recharging {unknown}
 y - a scroll of magic mapping {unknown}
 C - a scroll of immolation {unknown}
 E - a scroll of enchant armour {unknown}
 K - a scroll of fear {unknown}
 L - a scroll of blinking {unknown}
Potions
 d - 2 potions of might
 f - 2 potions of haste
 l - a potion of heal wounds {unknown}
 n - 3 potions of flight
 o - 3 potions of curing
 z - a potion of cancellation {unknown}
 F - a potion of mutation {unknown}
 G - a potion of berserk rage {unknown}
 H - a potion of lignification {unknown}
 J - a potion of ambrosia {unknown}
Books
 u - a book of Fire

   Spells                             Type                      Level
   a - Ignite Poison                  Fire/Transmutation/Poison    3
   b - Fireball                       Conjuration/Fire             5
   c - Bolt of Fire                   Conjuration/Fire             6
   d - Delayed Fireball               Conjuration/Fire             7
   e - Ring of Flames                 Charms/Fire                  7
Comestibles
 e - 6 bread rations
 m - 3 meat rations
 q - a royal jelly


   Skills:
 + Level 6.0 Fighting
 + Level 6.3 Long Blades
 + Level 7.7 Armour
 + Level 4.5 Dodging
 + Level 0.3 Stealth
 + Level 7.8 Shields


You had 7 spell levels left.
You didn't know any spells.

Dungeon Overview and Level Annotations

Branches:
Dungeon (6/15)             Temple (0/1) D:6

Altars:
Ashenzari
Dithmenos
Elyvilon
Fedhas
Makhleb
Okawaru
Ru
Trog
Vehumet
Xom
Yredelemnul
The Shining One

Annotations:
D:6 2 runed doors, Eustachio, Grinder


Innate Abilities, Weirdness & Mutations

You reflexively headbutt those who attack you in melee.
You have a pair of horns on your head.


Message History

The iguana bites you but does no damage.
Grinder gestures at you.
You shrug off the repeated paralysis!
The iguana bites you! Grinder hits you but does no damage.
The iguana bites you! Grinder hits you.
* * * LOW HITPOINT WARNING * * *
You writhe in agony. x2
The iguana bites you.
* * * LOW HITPOINT WARNING * * *
Eustachio mumbles some strange words.
Grinder gestures at you. You resist with some effort.
The iguana bites you but does no damage.
Grinder gestures at you. Pain shoots through your body!
* * * LOW HITPOINT WARNING * * *
The iguana bites you.
* * * LOW HITPOINT WARNING * * *
Grinder hits you.
You die...

###..... .... ...!... ⌠...
###..... ..... #....#.. ...>.
#.##...## ......
#...$...##..⌠... #..
#.......... #.5###r..# .. ##
#..@lr@..##.##.# #....# .#
#...###..........
#.#..#...<..## ##...#.?....
#.#..#..### ###...........
###.#.....######.........?.##
(##.#..##>##...............#
.............#..###.####.#..#
..........##...###..# ..#..
......#..##..####..## .# .


You could see Eustachio, Grinder, an iguana and 2 quokkas.

Vanquished Creatures
  Menkaure (D:4)
  2 sky beasts (D:6)
  Purgy (Sewer)
  An orc warrior (D:6)
  Blork the orc (D:6)
  2 giant frogs (D:6)
  A scorpion (D:5)
  A crimson imp (D:6)
  3 hounds
  2 orc priests
  2 jellies (D:5)
  Crazy Yiuf (D:4)
  Ijyb (D:2)
  3 orc wizards
  A centaur skeleton (D:5)
  2 iguanas
  7 worker ants
  A hound zombie (D:5)
  A worker ant zombie (D:6)
  Robin (D:2)
  7 gnolls (D:4)
  10 adders
  A river rat (D:4)
  4 oozes
  2 adder skeletons
  3 worms
  7 giant geckos
  12 orcs
  2 ball pythons (Sewer)
  6 bats
  19 goblins
  13 hobgoblins
  8 kobolds
  2 quokkas
  8 giant cockroaches
  9 giant newts
  A jackal skeleton (D:4)
  2 quokka skeletons
  10 rats
161 creatures vanquished.

Notes
Turn   | Place    | Note
--------------------------------------------------------------
     0 | D:1      | Peloso the Minotaur Fighter began the quest for the Orb.
     0 | D:1      | Reached XP level 1. HP: 19/19 MP: 0/0
    80 | D:1      | Reached XP level 2. HP: 27/27 MP: 1/1
   157 | D:1      | Reached skill level 4 in Armour
   769 | D:2      | Noticed Robin
   783 | D:2      | Killed Robin
   783 | D:2      | Reached XP level 3. HP: 25/33 MP: 2/2
   810 | D:2      | Noticed Ijyb
   825 | D:2      | Killed Ijyb
   825 | D:2      | Reached XP level 4. HP: 24/40 MP: 3/3
   871 | D:2      | Reached skill level 1 in Dodging
  1068 | D:2      | Found a sacrificial altar of Ru.
  1419 | D:2      | Reached XP level 5. HP: 34/46 MP: 4/4
  1531 | D:2      | Found a shattered altar of Ashenzari.
  1699 | D:3      | Reached skill level 5 in Shields
  1805 | D:3      | Found a burning altar of Makhleb.
  1815 | D:3      | Found a white marble altar of Elyvilon.
  1817 | D:3      | Found a bloodstained altar of Trog.
  1817 | D:3      | Found an iron altar of Okawaru.
  1817 | D:3      | Found a glowing golden altar of the Shining One.
  1834 | D:3      | Became a worshipper of Warmaster Okawaru
  2262 | D:3      | Reached skill level 5 in Armour
  2262 | D:3      | Reached XP level 6. HP: 38/53 MP: 5/5
  3504 | D:4      | Found a glowing drain.
  3529 | Sewer    | Entered a sewer
  3606 | Sewer    | Noticed Purgy
  3618 | Sewer    | Killed Purgy
  3618 | Sewer    | Reached XP level 7. HP: 48/60 MP: 6/6
  3766 | D:4      | Noticed Menkaure
  3774 | D:4      | Killed Menkaure
  3774 | D:4      | Reached * piety under Okawaru
  3774 | D:4      | Reached skill level 6 in Armour
  4083 | D:4      | Found a shimmering altar of Xom.
  4351 | D:4      | Noticed Crazy Yiuf
  4357 | D:4      | Killed Crazy Yiuf
  4402 | D:5      | Entered Level 5 of the Dungeon
  4412 | D:5      | Reached skill level 5 in Fighting
  4430 | D:5      | Found a blossoming altar of Fedhas.
  4707 | D:5      | Reached XP level 8. HP: 66/68 MP: 7/7
  4842 | D:5      | Found a basalt altar of Yredelemnul.
  4863 | D:5      | Reached skill level 5 in Long Blades
  4863 | D:5      | Reached skill level 7 in Shields
  4988 | D:5      | Found a shadowy altar of Dithmenos.
  4988 | D:5      | Found a radiant altar of Vehumet.
  5010 | D:5      | Reached ** piety under Okawaru
  5170 | D:6      | Found a large runed door.
  5170 | D:6      | Found a large runed door.
  5195 | D:6      | Noticed Blork the orc
  5206 | D:6      | Killed Blork the orc
  5669 | D:6      | Noticed Grinder
  5675 | D:6      | Found a staircase to the Ecumenical Temple.
  5676 | D:6      | Noticed Eustachio
  5676 | D:6      | Paralysed by Grinder for 3 turns
  5682 | D:6      | Paralysed by Grinder for 7 turns
  5711 | D:6      | Paralysed by Grinder for 7 turns
  5717 | D:6      | Slain by Grinder

Action                   |  1- 3 |  4- 6 |  7- 9 || total
-------------------------+-------+-------+-------++-------
Melee: Long sword        |    89 |   247 |   190 ||   526
  Use: Scroll            |       |     4 |     1 ||     5
       Potion            |       |       |     2 ||     2
 Stab: Paralysed         |       |     1 |       ||     1
  Eat: Chunk             |       |     9 |     5 ||    14
       Fruit             |       |       |     1 ||     1
